 Dungeon Crawl Stone Soup version 0.30.1-4-g462c640d31 (webtiles) character file.

Game seed: 15561466037994259315

7853 spardeous the Thaumaturge (level 10, -8/69 HPs)
             Began as a Demigod Conjurer on Sept 2, 2023.
             Killed from afar by an acid dragon (23 damage)
             ... with a splash of acid
             ... on level 10 of the Dungeon.
             The game lasted 00:12:33 (15070 turns).

spardeous the Thaumaturge (Demigod Conjurer)       Turns: 15070, Time: 00:12:33

Health: -8/69      AC:  5    Str: 18    XL:     10   Next: 71%
Magic:  8/28       EV: 11    Int: 28    God:
Gold:   465        SH:  0    Dex: 12    Spells: 16/28 levels left

rFire   + . .        D - staff of conjuration
rCold   . . .        (no shield)
rNeg    . . .        x - +2 leather armour {Will+}
rPois   .            r - +0 helmet
rElec   .            B - +0 cloak
rCorr   .            l - +1 pair of gloves
SInv    .            (no boots)
Will    ++...        (no amulet)
Stlth   ++           k - +6 ring of strength
HPRegen 0.31/turn    L - ring of protection from fire
MPRegen 0.21/turn

%: no passive effects
@: corroded
A: high MP 1, forlorn, divine attributes
a: no special abilities


You were on level 10 of the Dungeon.
You visited 1 branch of the dungeon, and saw 10 of its levels.

You collected 497 gold pieces.
You spent 32 gold pieces at shops.

Inventory:

Hand Weapons
 o - a +1 vampiric whip
 w - a +0 trident
Missiles
 y - 3 throwing nets
Armour
 a - a +0 robe
 l - a +1 pair of gloves (worn)
 n - a +0 leather armour
 r - a +0 helmet (worn)
 x - a +2 leather armour of willpower (worn)
 B - a +0 cloak (worn)
Magical Staves
 D - a staff of conjuration (weapon)
Jewellery
 k - a +6 ring of strength (left hand)
 I - a ring of wizardry
 L - a ring of protection from fire (right hand)
Wands
 b - a wand of paralysis (13)
 i - a wand of polymorph (10)
 v - a wand of flame (37)
 H - a wand of mindburst (20)
 N - a wand of iceblast (6)
Scrolls
 c - 3 scrolls of fog {unknown}
 d - 3 scrolls of immolation {unknown}
 f - 5 scrolls of vulnerability {unknown}
 g - 2 scrolls of noise {unknown}
 j - a scroll of enchant armour {unknown}
 m - 3 scrolls of fear {unknown}
 q - 8 scrolls of identify {unknown}
 s - 3 scrolls of teleportation {unknown}
 u - a scroll of torment {unknown}
 A - 3 scrolls of amnesia {unknown}
 G - a scroll of butterflies {unknown}
Potions
 e - 3 potions of haste {unknown}
 h - 4 potions of heal wounds {unknown}
 p - a potion of attraction {unknown}
 t - 2 potions of mutation {unknown}
 z - a potion of ambrosia {unknown}
 C - 2 potions of cancellation {unknown}
 E - a potion of curing
 F - 4 potions of might {unknown}
 J - 3 potions of flight {unknown}
 K - a potion of magic
 M - a potion of lignification {unknown}


   Skills:
 - Level 1.7 Dodging
 - Level 1.7 Stealth
 + Level 9.7 Spellcasting
 - Level 9.1 Conjurations
 - Level 8.3 Translocations


You had 16 spell levels left.
You knew the following spells:

 Your Spells              Type           Power      Damage    Failure   Level
a - Magic Dart            Conj           100%       1d8       1%          1
b - Searing Ray           Conj           100%       2d8       1%          2
c - Iskenderun's Mystic   Conj/Tloc      76%        2d15      1%          4
d - Fulminant Prism       Conj/Hex       28%        3d14      8%          4
e - Necrotise             Necr           52%        1d6       4%          1

Your spell library contained the following spells:

 Spells                   Type           Power      Damage    Failure   Level
 Apportation              Tloc           100%       N/A       1%          1
 Dazzling Flash           Conj/Hex       100%       N/A       2%          3
 Vhi's Electric Charge    Tloc/Air       74%        N/A       2%          3
 Volatile Blastmotes      Fire/Tloc      74%        2d16      2%          3
 Summon Small Mammal      Summ           52%        N/A       4%          1
 Ignite Poison            Fire/Tmut/Pois 13%        N/A       14%         3
 Arcjolt                  Conj/Air       28%        1d38      21%         5
 Starburst                Conj/Fire      28%        6d9       75%         6
 Ignition                 Fire           6%         3d4       100%        8
 Maxwell's Capacitive Co  Air            6%         ∞         100%        8
 Fire Storm               Conj/Fire      28%        8d7       100%        9


Dungeon Overview and Level Annotations

Branches:
Dungeon (10/15)            Temple (0/1) D:6
   Lair: D:8-11         Orc: D:9-12

Shops:
D:1 [   D:5 *

Annotations:
D:7 2 transporters


Innate Abilities, Weirdness & Mutations

You have an increased reservoir of magic. (+10% MP)
You shall have no god before yourself.
Your divine heritage dramatically boosts your attributes as you level up.


Message History

You feel a surge of power!
You erupt in a blast of force!
The mystic blast hits the troll.
The troll is moderately wounded.
The troll is knocked back by the mystic blast.
You now have 11/27 mp.
Casting: Iskenderun's Mystic Blast (dangerous; 1% risk of failure)
Confirm with . or Enter, or press ? or * to list all spells.
You feel a surge of power!
You erupt in a blast of force!
The mystic blast hits the troll!
The troll is severely wounded.
The troll is knocked back by the mystic blast.
The sentinel's mark upon you fades away.
You now have 7/27 mp.
An acid dragon comes into view.
The troll bites you!
* * * LOW HITPOINT WARNING * * *
The troll claws you but does no damage. x2
You take 12 damage, and have 28/69 hp.
Casting: Iskenderun's Mystic Blast (dangerous; 1% risk of failure)
Confirm with . or Enter, or press ? or * to list all spells.
You feel a surge of power!
You erupt in a blast of force!
The mystic blast hits the troll!!
You kill the troll!
The troll leather armour is intact enough to wear.
You now have 4/28 mp.
The acid dragon spits acid at you. The splash of acid hits you.
* * * LOW HITPOINT WARNING * * *
The acid corrodes you!
You take 2 damage, and have 30/69 hp.
The acid dragon spits acid at you. The splash of acid hits you!!
* * * LOW HITPOINT WARNING * * *
You take 24 damage, and have 8/69 hp.
MASSIVE DAMAGE!!
You feel better.
You regained 7 hp, and now have 15/69 hp.
Okay, then.
The acid dragon spits acid at you. The splash of acid hits you!!
You die...

###.........'≈!_≈#
#..####.#.'≈⌠>≈#.#
#..# #...#≈≈≈≈#.#
#..# ###.######.#
#..# #.........#
#..#####.######.#####
.....................
#############..######
#.@# #..#
########..#######
...[.............
..>..............
.................
########......... ≈.
#.D....... ≈.
#.........


You could see an acid dragon (catching breath).

Vanquished Creatures
  The ghost of BillyBaka the Skirmisher, a novice GnHu of Hepliaklqana (D:6)
  Pikel (D:7)
  A cyclops (D:7)
  A gargoyle (D:7)
  An unseen horror (D:6)
  A troll (D:10)
  Sigmund (D:6)
  2 shadows
  A wraith (D:9)
  A yak (D:7)
  Menkaure (D:6)
  A steam dragon (D:7)
  2 water moccasins
  2 ice beasts
  A sky beast (D:7)
  A black bear (D:5)
  6 orc warriors
  An ogre (D:6)
  2 centaurs
  4 lemures (D:7)
  A bullfrog (D:7)
  3 kobold brigands
  A gnoll sergeant (D:6)
  4 scorpions
  15 wights
  10 killer bees
  3 howler monkeys
  8 hounds
  4 orc priests
  2 gnoll boudas
  4 jellies
  3 sleepcaps
  An iguana (D:7)
  8 orc wizards
  Natasha (thrice) (D:3)
  A centaur simulacrum (D:7)
  21 gnolls
  9 adders
  2 shadow imps (D:7)
  5 white imps
  2 ufetubi
  A worm (D:3)
  2 dart slugs
  26 orcs
  13 endoplasms
  2 giant cockroaches
  9 goblins
  9 hobgoblins
  7 quokkas
  9 ball pythons
  3 bats
  12 frilled lizards (D:3)
  20 kobolds
  3 rats
258 creatures vanquished.

Notes
Turn   | Place    | Note
-------+----------+-------------------------------------------
     0 | D:1      | spardeous the Demigod Conjurer began the quest for the Orb.
     0 | D:1      | Reached XP level 1. HP: 14/14 MP: 5/5
   404 | D:1      | Reached XP level 2. HP: 20/20 MP: 2/7
   513 | D:1      | Found Tiseevog's Armour Shop.
   574 | D:1      | Learned a level 2 spell: Searing Ray
  1277 | D:2      | Reached XP level 3. HP: 26/26 MP: 3/8
  1747 | D:2      | Reached skill level 5 in Conjurations
  2479 | D:3      | Reached XP level 4. HP: 33/33 MP: 7/9
  3164 | D:3      | Noticed Natasha
  3166 | D:3      | Killed Natasha
  3220 | D:3      | Reached XP level 5. HP: 38/38 MP: 3/10
  3780 | D:3      | Noticed Natasha
  3790 | D:3      | Killed Natasha
  3941 | D:3      | Noticed Natasha
  3946 | D:3      | Killed Natasha
  4460 | D:4      | Learned a level 4 spell: Iskenderun's Mystic Blast
  4721 | D:4      | Reached XP level 6. HP: 45/45 MP: 11/14
  5464 | D:4      | You fall into a shaft and drop 3 floors!
  5481 | D:5      | Entered Level 5 of the Dungeon
  5576 | D:5      | Found Jaempig's Assorted Antiques.
  5671 | D:5      | Bought a scroll labelled IZAODY NISHELE for 16 gold pieces
  5671 | D:5      | Bought a scroll labelled XOENWA NOGG for 16 gold pieces
  5876 | D:5      | Reached XP level 7. HP: 44/50 MP: 6/15
  6859 | D:5      | Found Jaempig's Assorted Antiques.
  7658 | D:4      | Got the Atlas of Kinetic Incandescence
  7999 | D:6      | Reached skill level 1 in Translocations
  7999 | D:6      | Reached XP level 8. HP: 57/57 MP: 9/16
  8123 | D:6      | Noticed Menkaure
  8128 | D:6      | Killed Menkaure
  8246 | D:6      | Found a runed translucent gate.
  8246 | D:6      | Found a runed translucent gate.
  8246 | D:6      | Found a runed translucent gate.
  8440 | D:6      | Noticed Sigmund
  8446 | D:6      | Killed Sigmund
  8495 | D:6      | Reached skill level 5 in Translocations
  8631 | D:6      | Noticed BillyBaka's ghost (novice GnHu)
  8780 | D:6      | Found a staircase to the Ecumenical Temple.
  9695 | D:6      | Found a staircase to the Ecumenical Temple.
 10298 | D:6      | Killed an unseen horror
 10298 | D:6      | Killed BillyBaka's ghost
 10299 | D:6      | Reached XP level 9. HP: 12/62 MP: 12/17
 11025 | D:7      | Reached skill level 5 in Spellcasting
 11114 | D:7      | Noticed Pikel
 11196 | D:7      | Killed Pikel
 11383 | D:7      | Noticed a gargoyle
 11438 | D:7      | Killed a gargoyle
 11439 | D:7      | Reached XP level 10. HP: 17/69 MP: 18/24
 12429 | D:7      | Noticed a cyclops
 12454 | D:7      | Killed a cyclops
 12627 | D:7      | Found a transporter.
 12627 | D:7      | Found a transporter.
 12627 | D:7      | Noticed a centaur warrior
 12627 | D:7      | Noticed a two-headed ogre
 13942 | D:9      | Learned a level 4 spell: Fulminant Prism
 13944 | D:9      | Learned a level 1 spell: Necrotise
 14860 | D:10     | Entered Level 10 of the Dungeon
 15070 | D:10     | Killed from afar by an acid dragon

Illustrated notes

Levels and vault maps discovered:
D:1:      dpeg_arrival_round_c, layout_loops_ring, serial_shops, shop_fountains
D:2:      layout_basic, basic_altar
D:3:      layout_loops_ring, amcnicky_mini_corridor_feature,
          minmay_misc_feat_rows, minmay_lizard_king, uniq_natasha
D:4:      layout_basic
D:5:      minmay_angry_zag, layout_basic, grunt_gozag_breadcrumbs, serial_shops,
          shop
D:6:      layout_loops_ring, mainiacjoe_overflow_cross_hatched,
          minmay_temple_entry_arrows, ebering_ghost_gozag, uniq_sigmund,
          uniq_menkaure
D:7:      nzn_winding_woodlands_medium [nzn_winding_woodlands_5x5_open_star,
          nzn_winding_woodlands_5x15_pathside_ponds,
          nzn_winding_woodlands_hourglass, nzn_winding_woodlands_5x5_three,
          nzn_winding_woodlands_center_triple_pond,
          nzn_winding_woodlands_5x5_default, nzn_winding_woodlands_5x5_cross,
          nzn_winding_woodlands_5x15_concentric,
          nzn_winding_woodlands_5x5_checkerboard], layout_rooms,
          makhleb_heckhound_becter, gammafunk_temple_overflow_arena, uniq_pikel
D:8:      layout_basic
D:9:      layout_rooms
D:10:     layout_long_grid, general_overflow_altar,
          mainiacjoe_overflow_concentric_impassable

Skill      XL: |  1  2  3  4  5  6  7  8  9 10 |
---------------+-------------------------------+-----
Conjurations   | 4 5 6 7 9 |  9.1
Spellcasting   | 3 6 9 |  9.7
Translocations | 1 8 |  8.3
Dodging        | |  1.7
Stealth        | |  1.7

Action                     |  1- 3 |  4- 6 |  7- 9 | 10-12 || total
---------------------------+-------+-------+-------+-------++-------
  Melee: Whip              |       |     3 |    29 |       ||    32
         Staff             |       |       |     9 |    15 ||    24
   Cast: Magic Dart        |   100 |   148 |    24 |       ||   272
         Searing Ray       |       |    10 |    46 |     1 ||    57
         Iskenderun's Myst |       |       |    39 |    67 ||   106
    Use: Potion            |       |       |     3 |     1 ||     4
   Stab: Sleeping          |       |       |     1 |       ||     1
 Armour: Robe              |     3 |     1 |       |       ||     4
         Leather armour    |       |    17 |    68 |    29 ||   114
  Dodge: Dodged            |     7 |    28 |    82 |    39 ||   156
